 Dungeon Crawl Stone Soup version 0.22-a0-362-g535178c (webtiles) character file.

192 Goblin1989 the Chopper (level 5, -5/47 HPs)
             Began as a Hill Orc Fighter on Apr 19, 2018.
             Killed from afar by an orc wizard (7 damage)
             ... with a magic dart
             ... on level 4 of the Dungeon.
             The game lasted 00:03:30 (3066 turns).

Goblin1989 the Chopper (Hill Orc Fighter)           Turns: 3066, Time: 00:03:31

Health: -5/47      AC:  8    Str: 25    XL:     5   Next: 71%
Magic:  5/5        EV:  7    Int:  8    God:
Gold:   121        SH: 10    Dex: 10    Spells: 4/4 levels left

rFire    . . .     SeeInvis .   a - +0 war axe
rCold    . . .     Gourm    .   c - +0 shield
rNeg     . . .     Faith    .   b - +0 scale mail
rPois    .         Spirit   .   (no helmet)
rElec    .         Reflect  .   (no cloak)
rCorr    .         Harm     .   (no gloves)
MR       .....                  j - +0 pair of boots
Stlth    ..........             (no amulet)
HPRegen  0.15/turn              (no ring)
MPRegen  0.09/turn              (no ring)

@: mighty, slowed, very slow
A: no striking features
a: no special abilities


You were on level 4 of the Dungeon.
You were not hungry.

You visited 1 branch of the dungeon, and saw 4 of its levels.

You collected 121 gold pieces.

Inventory:

Hand Weapons
 a - a +0 war axe (weapon)
Armour
 b - a +0 scale mail (worn)
 c - a +0 shield (worn)
 j - a +0 pair of boots (worn)
 B - a +0 pair of gloves
Scrolls
 g - a scroll of amnesia {unknown}
 l - a scroll of random uselessness {unknown}
 m - 2 scrolls of teleportation {unknown}
 n - a scroll of immolation {unknown}
 p - a scroll of enchant weapon {unknown}
 q - 5 scrolls of identify {unknown}
 s - 2 scrolls of magic mapping {unknown}
 v - a scroll of fear {unknown}
 y - a scroll of remove curse {unknown}
 A - 2 scrolls of fog {unknown}
Potions
 d - a potion of might {@q4}
 h - 5 potions of curing {unknown}
 i - a potion of lignification {unknown}
 o - a potion of resistance {unknown}
 r - 2 potions of flight {unknown}
 t - a potion of brilliance {unknown}
 u - a potion of heal wounds {unknown}
 x - a potion of degeneration {unknown}
 z - a potion of haste {unknown}
Comestibles
 e - 7 rations


   Skills:
 + Level 4.5 Fighting
 * Level 5.1 Axes
 + Level 4.2 Armour
 + Level 4.2 Shields


You had 4 spell levels left.
You didn't know any spells.

Dungeon Overview and Level Annotations

Branches:
Dungeon (4/15)
 Temple: D:4-7

Altars:

Annotations:
D:3 1 runed door


Message History

You take 1 damage, and have 40/47 hp.
You hit the bullfrog skeleton.
The bullfrog skeleton is moderately damaged.
Your shield and scale mail prevent you from hitting the hound.
You slash the jackal!
You kill the jackal!
Your shield and scale mail prevent you from hitting the orc wizard.
You closely miss the orc. You block the hound's attack.
The bullfrog skeleton hits you. You block the orc's attack.
You block the orc wizard's attack. The hound bites you.
The bullfrog skeleton hits you. The orc hits you but does no damage.
The hound bites you but does no damage.
The orc wizard hits you but does no damage.
The bullfrog skeleton closely misses you.
The orc wizard gestures wildly while chanting.
The orc wizard blinks!
An ogre comes into view. It is wielding a giant club.
You take 6 damage, and have 34/47 hp.
You hit the bullfrog skeleton.
The bullfrog skeleton is heavily damaged.
You hit the orc. You barely miss the orc wizard. You closely miss the hound.
The hound bites you but does no damage.
The bullfrog skeleton hits you but does no damage.
The orc closely misses you.
The orc wizard hits you but does no damage.
The hound bites you.
The orc wizard gestures wildly while chanting.
The orc wizard blinks!
The orc wizard hits you but does no damage.
The bullfrog skeleton hits you but does no damage.
You block the orc's attack. You block the hound's attack.
The orc wizard closely misses you.
You take 2 damage, and have 32/47 hp.
You closely miss the orc wizard.
The orc wizard is heavily wounded.
You slash the orc wizard! You barely miss the orc.
You slash the bullfrog skeleton! You closely miss the hound.
The orc wizard hits you but does no damage.
You block the hound's attack.
The bullfrog skeleton barely misses you.
The orc wizard hits you but does no damage.
The orc hits you but does no damage.
The orc wizard hits you but does no damage.
The hound bites you. The bullfrog skeleton hits you.
The orc wizard gestures wildly while chanting.
The orc wizard blinks!
You block the orc's attack.
The orc wizard hits you but does no damage.
The hound bites you but does no damage.
The bullfrog skeleton closely misses you.
You take 5 damage, and have 27/47 hp.
You are too injured to fight recklessly!
Unknown command.
You are too injured to fight recklessly!
Unknown command.
You are too injured to fight recklessly!
Unknown command.
Unknown command.
You are too injured to fight recklessly!
You feel very mighty all of a sudden. You block the hound's attack.
The bullfrog skeleton barely misses you.
You block the orc's attack.
The orc wizard gestures wildly while chanting.
The orc wizard blinks!
The hound bites you but does no damage.
The orc wizard points at you and mumbles some strange words.
You resist with some effort. The orc hits you with a short sword.
The bullfrog skeleton barely misses you.
You take 1 damage, and have 26/47 hp.
You slash the ogre!
The ogre is moderately wounded.
You hit the orc.
You kill the orc!
You slash the bullfrog skeleton! You closely miss the hound.
You closely miss the orc wizard. The hound bites you.
The orc wizard gestures wildly while chanting.
The orc wizard seems to speed up.
The ogre closely misses you.
The bullfrog skeleton barely misses you.
The hound bites you but does no damage.
The orc wizard hits you but does no damage.
You block the orc wizard's attack.
The bullfrog skeleton hits you but does no damage.
The hound bites you.
* * * LOW HITPOINT WARNING * * *
The ogre hits you with a giant club!!
* * * LOW HITPOINT WARNING * * *
You block the orc wizard's attack.
You take 24 damage, and have 2/47 hp.
MASSIVE DAMAGE!!
You barely miss the ogre.
The ogre is moderately wounded.
You slash the orc wizard!
Your shield and scale mail prevent you from hitting the hound.
You slash the bullfrog skeleton!
You destroy the bullfrog skeleton!
Your Axes skill increases to level 5!
You closely miss the orc wizard.
The orc wizard gestures wildly while chanting.
The orc wizard blinks!
The orc wizard points at you and mumbles some strange words.
The magic dart hits you!
You die...

.. █... █.███...
█....... ████.... █....
█....
.███████████████████....
.......)................
.....§h@o((.............
......oO)...............
...........o............
........████............
........█ █............
........█ █............
........█ █............
........█ █............
█............


You could see an ogre, a hound and 3 orc wizards.

Vanquished Creatures
  A bullfrog skeleton (D:4)
  A worker ant (D:4)
  4 adders
  An ooze (D:2)
  4 worms
  3 dart slugs
  4 leopard geckos
  3 orcs
  A ball python (D:2)
  6 bats
  3 giant cockroaches
  4 goblins
  7 hobgoblins
  6 jackals
  A quokka (D:2)
  7 frilled lizards
  15 kobolds
  7 rats
78 creatures vanquished.

Notes
Turn   | Place    | Note
-------+----------+-------------------------------------------
     0 | D:1      | Goblin1989 the Hill Orc Fighter began the quest for the Orb.
     0 | D:1      | Reached XP level 1. HP: 19/19 MP: 1/1
    48 | D:1      | Reached skill level 3 in Axes
   101 | D:1      | Reached XP level 2. HP: 19/27 MP: 2/2
   531 | D:1      | Reached XP level 3. HP: 32/33 MP: 3/3
   896 | D:2      | Found a faded altar of an unknown god.
  1174 | D:2      | Reached skill level 4 in Axes
  1412 | D:2      | Reached XP level 4. HP: 40/40 MP: 4/4
  2381 | D:3      | Reached XP level 5. HP: 44/47 MP: 5/5
  2734 | D:3      | Found a runed door.
  3062 | D:4      | Noticed an ogre
  3065 | D:4      | HP: 2/47 [ogre/giant club (19)]
  3066 | D:4      | Reached skill level 5 in Axes
  3066 | D:4      | Killed from afar by an orc wizard

Vault maps used:
D:1:      saegor_arrival_miasma
D:2:      first_ration, chequers_ecumenical_altar_simple
D:3:      cheibrodos_old_hovel, minmay_distorted, uniq_crazy_yiuf_cottage
D:4:      serial_shops, kennysheep_mini_moat, kennysheep_generic_room_11,
          uniq_duvessa

Skill      XL: |  1  2  3  4  5 |
---------------+----------------+-----
Axes           | 3 4 5 |  5.1
Fighting       | 4 |  4.5
Armour         | 4 |  4.2
Shields        | 4 |  4.2

Action                   |  1- 3 |  4- 6 || total
-------------------------+-------+-------++-------
Melee: War axe           |   145 |   122 ||   267
  Use: Potion            |       |     1 ||     1
  Eat: Chunk             |     2 |     5 ||     7
Armor: Scale mail        |    66 |    76 ||   142
Dodge: Dodged            |    48 |    64 ||   112
Block: Shield            |    84 |    68 ||   152

Table legend:
 A = Spawn XP
 B = Non-spawn XP
 C = Spawn XP percentage of total XP
 D = Spawn monster count
 E = Non-spawn monster count
 F = Spawn count percentage of total count
 G = Total turns spent on level
                    A         B        C        D         E        F      G
               +---------+---------+-------+---------+---------+-------+---------
         Total |       0 |     275 |   0.0 |       0 |      78 |   0.0 |  3066
               +---------+---------+-------+---------+---------+-------+---------
           D:1 |       0 |      45 |   0.0 |       0 |      29 |   0.0 |   829
           D:2 |       0 |      68 |   0.0 |       0 |      26 |   0.0 |  1185
           D:3 |       0 |      78 |   0.0 |       0 |      17 |   0.0 |   887
           D:4 |       0 |      84 |   0.0 |       0 |       6 |   0.0 |   165
               +---------+---------+-------+---------+---------+-------+---------

Vault maps used:
D:1:      saegor_arrival_miasma
D:2:      first_ration, chequers_ecumenical_altar_simple
D:3:      cheibrodos_old_hovel, minmay_distorted, uniq_crazy_yiuf_cottage
D:4:      serial_shops, kennysheep_mini_moat, kennysheep_generic_room_11,
          uniq_duvessa
